 Dungeon Crawl Stone Soup version 0.30.0-29-ga12c61a403 (webtiles) character file.

Game seed: 14023984933106091448

91 Cheops the Digger (level 4, -7/35 HPs)
             Began as an Armataur Earth Elementalist on June 5, 2023.
             Mangled by an orc
             ... wielding a +0 flail
              (8 damage)
             ... on level 2 of the Dungeon.
             The game lasted 00:05:33 (2698 turns).

Cheops the Digger (Armataur Earth Elementalist)     Turns: 2698, Time: 00:05:34

Health: -7/35      AC:  4    Str: 14    XL:     4   Next: 33%
Magic:  0/7        EV:  9    Int: 17    God:
Gold:   130        SH:  0    Dex: 10    Spells: 1/7 levels left

rFire   . . .        a - +0 dagger
rCold   . . .        (no shield)
rNeg    . . .        f - +0 robe
rPois   .            (no helmet)
rElec   .            (no cloak)
rCorr   .            (no gloves)
SInv    .            (no barding)
Will    .....        (no amulet)
Stlth   ++           (no ring)
HPRegen 0.25/turn    (no ring)
MPRegen 0.10/turn

%: roll
@: no status effects
A: large, rugged brown scales 3, deformed body, armoured tail, roll, long
tongue, awkward tongue
a: no special abilities


You were on level 2 of the Dungeon.
You visited 1 branch of the dungeon, and saw 3 of its levels.

You collected 130 gold pieces.

Inventory:

Hand Weapons
 a - a +0 dagger (weapon)
Armour
 f - a +0 robe (worn)
Jewellery
 h - a ring of ice
Wands
 j - a wand of paralysis (4)
Scrolls
 d - 2 scrolls of identify {unknown}
 g - a scroll of amnesia {unknown}
 k - a scroll of summoning {unknown}
Potions
 b - 3 potions of magic
 c - 2 potions of degeneration {unknown}
 e - a potion of heal wounds {unknown}
 i - a potion of attraction {unknown}
 l - a potion of flight {unknown}
 m - a potion of lignification {unknown}


   Skills:
 - Level 1.3 Dodging
 + Level 3.6 Stealth
 - Level 2.0 Spellcasting
 * Level 0.2 Conjurations
 - Level 0.8 Transmutations
 - Level 4.0 Earth Magic


You had one spell level left.
You knew the following spells:

 Your Spells              Type           Power      Damage    Failure   Level
a - Sandblast             Erth           30%        2d9       3%          1
b - Stone Arrow           Conj/Erth      16%        3d8       24%         3
P - Passwall              Tmut/Erth      7%         N/A       11%         2

Your spell library contained the following spells:

 Spells                   Type           Power      Damage    Failure   Level
 Petrify                  Tmut/Erth      9%         N/A       56%         4


Dungeon Overview and Level Annotations

Branches:
Dungeon (3/15)

Altars:

Annotations:
D:2 1 runed translucent door, Crazy Yiuf


Innate Abilities, Weirdness & Mutations

You are completely covered in rugged brown scales. (AC +3, +7% HP)
Armour fits poorly on your strangely shaped body.
You have a long armoured tail.
You roll when moving toward enemies. (Rampage)
Your long tongue fully drains potion bottles. (2x potion effects)
Your tongue gives you trouble enunciating. (1.5x scroll delay)


Message History

Reactivating autopickup.
There is a stone staircase leading down here.
You hit the orc.
The orc is almost dead.
The orc barely misses you.
You hit the orc but do no damage.
You tail-slap the orc, but do no damage.
The orc is almost dead.
The orc closely misses you.
You hit the orc but do no damage.
You tail-slap the orc, but do no damage.
The orc is severely wounded.
The orc hits you but does no damage.
You hit the orc but do no damage.
You tail-slap the orc, but do no damage.
The orc is severely wounded.
The orc hits you with a +0 flail!
* * * LOW HITPOINT WARNING * * *
You closely miss the orc.
The orc is severely wounded.
The orc closely misses you.
Casting: Sandblast (safe; 3% risk of failure)
Confirm with . or Enter, or press ? or * to list all spells.
You don't have enough magic to cast this spell.
You hit the orc.
The orc is almost dead.
The orc hits you but does no damage.
Casting: Sandblast (safe; 3% risk of failure)
Confirm with . or Enter, or press ? or * to list all spells.
Aiming: Sandblast (safe; 3% risk of failure)
Press: ? - help, Shift-Dir - straight line, f - orc
Aim: an orc, wielding a +0 flail and wearing a +0 chain mail (severely wounded, 87% to hit)
The blast of sand hits the orc but does no damage.
The orc is severely wounded.
The orc hits you with a +0 flail!
* * * LOW HITPOINT WARNING * * *
You hit the orc but do no damage.
The orc is severely wounded.
The orc hits you with a +0 flail!
You die...

#.# #.# #.##.#.#.###. .##
###.##### #.##.#.#.###. .#
#.......# #............ '##
#.#.###.# ####.######## ..##
#.#.###.# #.# ## ...###.#.....#
#.# ##. ....##.##....# ##.## ##..
.....#.##....##########...####...
.....'.........o@............'...
.....#...)...##########...####...
....#####..### #..## ##.. ...##
#.## #.## ##. ..## #.# #.# ## .##
#.# #.# # ..## #.# #.## ##
...######.# #..# #. ....†.....#
##.# #.


You could see an orc.

Vanquished Creatures
  An orc wizard (D:3)
  A gnoll (D:1)
  A dart slug (D:2)
  2 orcs (D:3)
  9 bats
  2 endoplasms (D:1)
  2 giant cockroaches (D:1)
  3 goblins
  8 hobgoblins
  3 jackals (D:1)
  4 ball pythons (D:1)
  2 frilled lizards (D:1)
  4 kobolds
  7 rats
49 creatures vanquished.

Notes
Turn   | Place    | Note
-------+----------+-------------------------------------------
     0 | D:1      | Cheops the Armataur Earth Elementalist began the quest for
                  | the Orb.
     0 | D:1      | Reached XP level 1. HP: 14/14 MP: 3/3
   218 | D:1      | Reached skill level 3 in Earth Magic
   218 | D:1      | Reached XP level 2. HP: 16/21 MP: 0/5
   920 | D:1      | Reached XP level 3. HP: 27/27 MP: 4/6
  1176 | D:1      | Learned a level 2 spell: Passwall
  1180 | D:1      | Learned a level 3 spell: Stone Arrow
  1933 | D:2      | Found a runed translucent door.
  1934 | D:2      | Noticed Crazy Yiuf
  2436 | D:3      | Reached skill level 4 in Earth Magic
  2436 | D:3      | Reached XP level 4. HP: 35/35 MP: 0/7
  2696 | D:2      | HP: 1/35 [orc/+0 flail (7)]
  2698 | D:2      | Mangled by an orc

Illustrated notes

Levels and vault maps discovered:
D:1:      minmay_arrival_four_circles, layout_loops_corners
D:2:      layout_loops_corners, dreamdust_wishing_well, uniq_crazy_yiuf_cottage
D:3:      layout_basic, nemelex_spade_bored_becter, lightli_temple_of_fire,
          minmay_misc_feat_chi, uniq_jessica

Skill      XL: |  1  2  3 |
---------------+----------+-----
Spellcasting   | 2 |  2.0
Earth Magic    | 3 4 |  4.0
Stealth        | 3 |  3.6
Dodging        | |  1.3
Conjurations   | |  0.2
Transmutations | |  0.8

Action                     |  1- 3 |  4- 6 || total
---------------------------+-------+-------++-------
  Melee: Unarmed           |     3 |       ||     3
         Dagger            |     3 |     7 ||    10
         Tailslap          |       |     3 ||     3
   Cast: Sandblast         |    64 |    14 ||    78
   Stab: Sleeping          |     2 |       ||     2
 Armour: Robe              |    10 |     4 ||    14
  Dodge: Dodged            |    12 |    12 ||    24
